 Dungeon Crawl Stone Soup version 0.29-a0-834-g1e95ca9f62 (webtiles) character file.

Game seed: 6456630269202388658

1585 coolguy69 the Cutter (level 8, -2/43 HPs)
             Began as a Vine Stalker Monk on July 13, 2022.
             Was a Priest of Dithmenos.
             Slain by an orc wizard
             ... wielding a +1 dagger of venom
              (3 damage)
             ... on level 5 of the Dungeon.
             The game lasted 00:06:14 (4423 turns).

coolguy69 the Cutter (Vine Stalker Monk)            Turns: 4423, Time: 00:06:15

Health: -2/43      AC: 10    Str: 17    XL:     8   Next: 92%
Magic:  0/9        EV: 13    Int: 16    God:    Dithmenos [***...]
Gold:   234        SH:  0    Dex: 16    Spells: 7/7 levels left

rFire   + . .      SeeInvis .   a - +0 short sword
rCold   . . .      Faith    .   (no shield)
rNeg    . . .      Spirit   +   u - +2 ring mail {rF+}
rPois   +          Reflect  .   (no helmet)
rElec   .          Harm     .   w - +0 cloak
rCorr   .          Rampage  .   (no gloves)
Will    +....                   x - +0 pair of boots
Stlth   +.........              (no amulet)
HPRegen 0.94/turn               o - ring of poison resistance
MPRegen 0.11/turn               b - +6 ring of intelligence

@: confused, lethally poisoned (-2 -> -5), wreathed by umbra
A: fangs 3, regeneration 1, magic shield, antimagic bite, no potion heal 2
a: Renounce Religion, Shadow Step


You were on level 5 of the Dungeon.
You worshipped Dithmenos.
Dithmenos was most pleased with you.
You visited 1 branch of the dungeon, and saw 5 of its levels.

You collected 234 gold pieces.

Inventory:

Hand Weapons
 a - a +0 short sword (weapon)
Missiles
 h - 3 throwing nets (quivered)
Armour
 e - a +0 leather armour
 u - a +2 ring mail of fire resistance (worn)
 w - a +0 cloak (worn)
 x - a +0 pair of boots (worn)
Jewellery
 b - a +6 ring of intelligence (right hand)
 m - a ring of resist corrosion
 o - a ring of poison resistance (left hand)
 y - a ring of positive energy
Wands
 t - a wand of flame (12)
 B - a wand of iceblast (6)
Scrolls
 d - a scroll of enchant armour
 g - a scroll of magic mapping {unknown}
 j - 3 scrolls of teleportation {unknown}
 k - 5 scrolls of fear {unknown}
 n - a scroll of vulnerability
 p - a scroll of torment
 q - a scroll of enchant weapon
 r - 2 scrolls of poison
 s - a scroll of amnesia
 v - a scroll of identify
Potions
 c - 3 potions of ambrosia
 f - 3 potions of curing
 i - a potion of mutation {unknown}
 l - a potion of cancellation
 z - a potion of heal wounds {unknown}


   Skills:
 + Level 5.0 Fighting
 + Level 6.1 Short Blades
 + Level 4.2 Armour
 + Level 4.7 Dodging
 + Level 4.2 Stealth


You had 7 spell levels left.
You didn't know any spells.
Your spell library contained the following spells:

 Spells                   Type           Power      Damage    Failure   Level
 Magic Dart               Conj           0%         1d3       41%         1
 Slow                     Hex            0%         N/A       41%         1
 Sting                    Tmut/Pois      0%         1d3       41%         1
 Call Imp                 Summ           0%         N/A       54%         2
 Poisonous Vapours        Pois/Air       0%         N/A       54%         2
 Confusing Touch          Hex            0%         N/A       78%         3
 Mephitic Cloud           Conj/Pois/Air  0%         N/A       78%         3
 Vampiric Draining        Necr           0%         2d6       78%         3
 Olgreb's Toxic Radiance  Pois           0%         N/A       99%         4


Dungeon Overview and Level Annotations

Branches:
Dungeon (5/15)             Temple (0/1) D:4

Altars:
Dithmenos


Innate Abilities, Weirdness & Mutations

You have razor-sharp teeth.
Your natural rate of healing is unusually fast.
When hurt, damage is shared between your health and your magic reserves.
Your bite disrupts and absorbs the magic of your enemies.
Potions cannot restore your health.


Message History

Dithmenos accepts your kill.
You feel sick.
Unknown command.
Unknown command.
You hit something but do no damage.
You feel sick. Something hits you but does no damage.
Okay, then.
Okay, then.
You hit the orc priest. Your bite misses the orc priest.
The orc priest is lightly wounded.
You feel sick. The orc priest closely misses you.
You hear some strange, mumbled words.
You are confused.
You hit the orc priest. Your bite misses the orc priest.
The orc priest is moderately wounded.
You feel sick.
The orc priest hits you with a +0 dagger.
* * * LOW HITPOINT WARNING * * *
You hear some strange, mumbled words.
A magic dart appears from out of thin air!
The magic dart hits you but does no damage.
You hit the orc priest.
You bite the orc priest, but do no damage.
The orc priest is heavily wounded.
You feel sick.
The orc priest hits you but does no damage.
Something hits you but does no damage.
Unknown command.
You bump into the rock wall.
You feel sick.
The orc priest hits you but does no damage.
Something hits you but does no damage.
You are lethally poisoned!
Unknown command.
You bump into the rock wall.
* * * LOW HITPOINT WARNING * * *
You feel very sick.
The orc priest hits you with a +0 dagger.
* * * LOW HITPOINT WARNING * * *
Something hits you.
You die...

#.. ##...## ###
##'##### #.....#
####..##.# .....##.# #
###...##.########
#.#.# #...............
.....o##{...#.########
#...ooo@......#
###.#l###..#### ..
#..# #. #..# # ...#
##.## ..# #.#


You could see an iguana, an orc priest and 3 orcs.

Vanquished Creatures
  Pikel (D:4)
  Grinder (D:3)
  Sigmund (D:3)
  An ice beast (D:5)
  An ogre (D:3)
  A phantom (D:5)
  A necrophage (D:3)
  A howler monkey (D:4)
  A hound (D:3)
  5 orc priests
  3 orc wizards
  Ijyb (D:3)
  An adder (D:5)
  5 gnolls
  A worm (D:3)
  2 dart slugs
  24 orcs
  7 endoplasms
  2 giant cockroaches (D:1)
  7 goblins
  5 hobgoblins
  10 jackals
  4 quokkas
  3 ball pythons
  8 bats
  6 kobolds
  A rat (D:3)
104 creatures vanquished.

Notes
Turn   | Place    | Note
-------+----------+-------------------------------------------
     0 | D:1      | coolguy69 the Vine Stalker Monk began the quest for the
                  | Orb.
     0 | D:1      | Reached XP level 1. HP: 11/11 MP: 2/2
   397 | D:1      | Reached XP level 2. HP: 15/16 MP: 3/3
   537 | D:1      | Reached XP level 3. HP: 11/20 MP: 2/4
   715 | D:1      | Reached skill level 3 in Short Blades
  1698 | D:2      | Found a faded altar of an unknown god.
  1755 | D:2      | Found a shadowy altar of Dithmenos.
  1783 | D:2      | Became a worshipper of Dithmenos the Shadowed
  1783 | D:2      | Reached * piety under Dithmenos
  1783 | D:2      | Reached ** piety under Dithmenos
  2474 | D:3      | Gained mutation: Your natural rate of healing is unusually
                  | fast. [Vine Stalker growth]
  2474 | D:3      | Reached XP level 4. HP: 19/24 MP: 5/5
  2566 | D:3      | Noticed Sigmund
  2582 | D:3      | Killed Sigmund
  2583 | D:3      | Reached skill level 4 in Short Blades
  2583 | D:3      | Reached skill level 1 in Armour
  2583 | D:3      | Reached XP level 5. HP: 29/29 MP: 6/6
  2709 | D:3      | Reached XP level 6. HP: 33/33 MP: 7/7
  3110 | D:4      | Noticed Ijyb
  3152 | D:3      | Killed Ijyb
  3413 | D:4      | Reached XP level 7. HP: 11/37 MP: 2/8
  3413 | D:4      | Noticed Grinder
  3740 | D:3      | Killed Grinder
  3741 | D:3      | Reached skill level 5 in Short Blades
  3798 | D:4      | Noticed Pikel
  3818 | D:4      | Killed Pikel
  3818 | D:4      | Reached *** piety under Dithmenos
  3819 | D:4      | Gained mutation: You have razor-sharp teeth. [Vine Stalker
                  | growth]
  3819 | D:4      | Reached XP level 8. HP: 4/42 MP: 7/9
  3910 | D:4      | Found a staircase to the Ecumenical Temple.
  4212 | D:5      | Entered Level 5 of the Dungeon
  4254 | D:5      | Identified the +1 leather armour "Osossae" {Harm Str+5}
  4383 | D:5      | Reached skill level 5 in Fighting
  4383 | D:5      | Reached skill level 6 in Short Blades
  4423 | D:5      | HP: 1/43 [orc priest/+0 dagger (2)]
  4423 | D:5      | Slain by an orc wizard

Illustrated notes

Levels and vault maps discovered:
D:1:      psy_arrival_conway, layout_basic
D:2:      layout_loops_cross, basic_altar, shapermc_ecumenical_altar_venn
D:3:      layout_basic, hangedman_glass_teeth, uniq_sigmund
D:4:      layout_cave_pools, minmay_temple_entry_junction, serial_glass,
          glass_columns_a, glass_columns_c, due_unseen_surprise,
          feat_on_display, uniq_ijyb, uniq_grinder, uniq_pikel
D:5:      layout_loops_corners, uniq_duvessa

Skill      XL: |  1  2  3  4  5  6  7  8 |
---------------+-------------------------+-----
Fighting       | 3 4 5 |  5.0
Short Blades   | 3 4 5 6 |  6.1
Armour         | 1 2 3 4 |  4.2
Dodging        | 3 4 |  4.7
Stealth        | 3 4 |  4.2

Action                   |  1- 3 |  4- 6 |  7- 9 || total
-------------------------+-------+-------+-------++-------
Melee: Short sword       |   106 |   165 |   178 ||   449
       Bite              |    27 |    49 |    59 ||   135
       Punch             |     1 |     3 |     5 ||     9
  Use: Scroll            |       |       |    10 ||    10
       Potion            |       |       |     1 ||     1
 Stab: Sleeping          |     3 |     3 |     1 ||     7
Armor: Robe              |     9 |       |       ||     9
       Leather armour    |    21 |    24 |       ||    45
       Ring mail         |       |       |    57 ||    57
Dodge: Dodged            |    76 |   131 |   108 ||   315

Table legend: (Time is in decaauts)
 A = Elapsed time spent in this place.
 B = Non-inter-level travel time spent in this place.
 C = Inter-level travel time spent in this place.
 D = Time resting spent in this place.
 E = Time spent auto-exploring this place.
 F = Levels seen in this place.
 G = Mean time per level.
                   A        B        C        D        E       F      G
               +--------+--------+--------+--------+--------+-----+--------+
         Total |   4394 |   4318 |     76 |    709 |   2674 |   5 |  878.8 |
       Dungeon |   4394 |   4318 |     76 |    709 |   2674 |   5 |  878.8 |
               +--------+--------+--------+--------+--------+-----+--------+

Top non-repeatable levels by time:
     D:1: 1605 daAuts
     D:3: 1327 daAuts
     D:2: 693 daAuts
     D:4: 573 daAuts
     D:5: 194 daAuts
